 Dungeon Crawl Stone Soup version 0.28-a0-1152-g9c71ebef14 (webtiles) character file.

Game seed: 9108483410578102000

28 tsouns the Skirmisher (level 3, -2/29 HPs)
             Began as a Demonspawn Monk on Dec 14, 2021.
             Slain by a frilled lizard (3 damage)
             ... on level 1 of the Dungeon.
             The game lasted 00:01:00 (836 turns).

tsouns the Skirmisher (Demonspawn Monk)              Turns: 836, Time: 00:01:01

Health: -2/29      AC:  2    Str: 11    XL:     3   Next: 0%
Magic:  3/3        EV: 12    Int: 11    God:
Gold:   34         SH:  4    Dex: 15    Spells: 2/2 levels left

rFire   . . .      SeeInvis .     - Unarmed
rCold   . . .      Faith    .   (no shield)
rNeg    . . .      Spirit   .   a - +0 robe
rPois   .          Reflect  .   (no helmet)
rElec   .          Harm     .   (no cloak)
rCorr   .          Rampage  .   (no gloves)
Will    .....                   (no boots)
Stlth   ++........              (no amulet)
HPRegen 0.09/turn               (no ring)
MPRegen 0.08/turn               (no ring)

@: no status effects
A: foul stench 1, condensation shield, dopey 1
a: no special abilities


You were on level 1 of the Dungeon.
You visited 1 branch of the dungeon, and saw 1 of its levels.

You collected 34 gold pieces.

Inventory:

Hand Weapons
 c - a +0 whip of electrocution
Armour
 a - a +0 robe (worn)
Scrolls
 b - a scroll of fog {unknown}
 d - 2 scrolls of teleportation {unknown}


   Skills:
 + Level 3.5 Fighting
 - Level 2.6 Dodging
 - Level 1.7 Stealth
 + Level 3.3 Unarmed Combat


You had 2 spell levels left.
You didn't know any spells.
Your spell library was empty.

Dungeon Overview and Level Annotations

Branches:
Dungeon (1/15)

Altars:


Innate Abilities, Weirdness & Mutations

You may rarely emit foul miasma when damaged in melee.
A meltable shield of frost defends you. (SH +4)
You are dopey. (Int -2)


Message History

The giant cockroach is heavily wounded.
The jackal closely misses you. The jackal barely misses you.
The giant cockroach barely misses you. The frilled lizard bites you.
You hit the jackal.
You kill the jackal!
The jackal barely misses you. The giant cockroach barely misses you.
The frilled lizard bites you but does no damage.
The jackal bites you.
You have reached level 3!
Your experience leads to an increase in your attributes!
Increase (S)trength, (I)ntelligence, or (D)exterity?
You feel clever. x2; Your demonic ancestry asserts itself...
Frost condenses into a shield before you.
You hit the giant cockroach but do no damage.
The giant cockroach is heavily wounded.
The giant cockroach bites you. The jackal bites you.
* * * LOW HITPOINT WARNING * * *
You block the goblin's attack. You block the frilled lizard's attack.
Found a yellow potion.
The jackal closely misses you. You block the giant cockroach's attack.
The giant cockroach bites you.
* * * LOW HITPOINT WARNING * * *
The jackal barely misses you. The jackal bites you.
* * * LOW HITPOINT WARNING * * *
There is an empty arch of ancient stone here.
The giant cockroach barely misses you. The jackal completely misses you.
You barely miss the jackal. The jackal bites you.
* * * LOW HITPOINT WARNING * * *
You hit the jackal but do no damage. The jackal bites you.
* * * LOW HITPOINT WARNING * * *
You block the jackal's attack.
You hit the jackal but do no damage. The jackal bites you.
* * * LOW HITPOINT WARNING * * *
It was a potion of mutation.
You feel extremely strange.
You feel stupid. The jackal barely misses you. The frilled lizard bites you.
You die...

##.. #.................#
#...
....###..##...........##
###.#.
∩..♣..∩..8..∩#.÷...####
#.....
.............#.....#
#.#.##
.....).†....)#.....#
#.#.##
8.._.....∩..8......#
#.#...
?...........)......#
#.###.
.............###K### #.#
#. ∩........∩..Bg.h@..#
#.###.
.............###l#.#
#...(.
.....................
#########
♣..8..∩.....∩#####.#.#
#...#.(P#
..........?...# .#.#
#.†.#...#
................ #
##'###'##
.!∩..8..♣..8#..
#P.....†. ##...#####..
#......## #........


You could see a jackal, a giant cockroach, a goblin, a kobold and a frilled
lizard.

Vanquished Creatures
  2 dart slugs (D:1)
  4 endoplasms (D:1)
  2 giant cockroaches (D:1)
  2 goblins (D:1)
  A jackal (D:1)
  4 kobolds (D:1)
  3 ball pythons (D:1)
  2 bats (D:1)
  4 rats (D:1)
24 creatures vanquished.

Notes
Turn   | Place    | Note
-------+----------+-------------------------------------------
     0 | D:1      | tsouns the Demonspawn Monk began the quest for the Orb.
     0 | D:1      | Reached XP level 1. HP: 18/18 MP: 1/1
   361 | D:1      | Gained mutation: You may rarely emit foul miasma when
                  | damaged in melee. [demonic ancestry]
   361 | D:1      | Reached XP level 2. HP: 24/24 MP: 2/2
   803 | D:1      | Found a faded altar of an unknown god.
   822 | D:1      | Gained mutation: A meltable shield of frost defends you.
                  | (SH +4) [demonic ancestry]
   822 | D:1      | Reached XP level 3. HP: 10/29 MP: 3/3
   834 | D:1      | HP: 1/29 [jackal (3)]
   835 | D:1      | Gained mutation: You are dopey. (Int -2) [potion of
                  | mutation]
   836 | D:1      | Slain by a frilled lizard

Illustrated notes

Levels and vault maps discovered:
D:1:      dpeg_arrival_prison, layout_loops_cross,
          hellmonk_ecumenical_altar_arch_garden, minmay_quantized

Skill      XL: |  1 |
---------------+----+-----
Unarmed Combat | 3 |  3.3
Fighting       | |  3.5
Dodging        | |  2.6
Stealth        | |  1.7

Action                   || total
-------------------------++-------
Melee: Unarmed           ||    75
  Use: Potion            ||     1
 Stab: Sleeping          ||     6
Armor: Robe              ||    15
Dodge: Dodged            ||    66
Block: Other             ||     4

Table legend: (Time is in decaauts)
 A = Elapsed time spent in this place.
 B = Non-inter-level travel time spent in this place.
 C = Inter-level travel time spent in this place.
 D = Time resting spent in this place.
 E = Time spent auto-exploring this place.
 F = Levels seen in this place.
 G = Mean time per level.
                   A        B        C        D        E       F      G
               +--------+--------+--------+--------+--------+-----+--------+
         Total |    832 |    832 |      0 |      0 |    665 |   1 |  832.0 |
       Dungeon |    832 |    832 |      0 |      0 |    665 |   1 |  832.0 |
               +--------+--------+--------+--------+--------+-----+--------+

Top non-repeatable levels by time:
     D:1: 832 daAuts
